 Dungeon Crawl Stone Soup version 0.31.0-9-g3a7656b989 (webtiles) character file.

Game seed: 17722981417807422599

594 GordonOverkill the Chopper (level 6, -6/48 HPs)
             Began as a Demigod Gladiator on Jan 26, 2024.
             Killed from afar by a steam dragon (7 damage)
             ... with a ball of steam
             ... on level 4 of the Dungeon.
             The game lasted 00:10:10 (3153 turns).

GordonOverkill the Chopper (Demigod Gladiator)      Turns: 3153, Time: 00:10:11

Health: -6/48      AC: 12    Str: 23    XL:     6   Next: 94%
Magic:  8/8        EV:  6    Int: 10    God:
Gold:   146        SH:  4    Dex: 15    Spells: 5/5 levels left

rFire   . . .        b - +5 mace (holy)
rCold   . . .        j - +0 buckler
rNeg    . . .        g - +0 plate armour
rPois   .            c - +1 helmet
rElec   .            (no cloak)
rCorr   .            (no gloves)
SInv    .            (no boots)
Will    .....        (no amulet) Stlth
                     (no ring)
HPRegen 0.28/turn    (no ring)
MPRegen 0.11/turn

%: no passive effects
@: no status effects
A: high MP 1, forlorn, divine attributes
a: no special abilities


You were on level 4 of the Dungeon.
You visited 1 branch of the dungeon, and saw 4 of its levels.

You collected 146 gold pieces.

Inventory:

Hand Weapons
 a - a +0 war axe
 b - a +5 mace of holy wrath (weapon)
Missiles
 d - 3 throwing nets (quivered)
 e - a javelin
 h - 8 boomerangs
Armour
 c - a +1 helmet (worn)
 g - a +0 plate armour (worn)
 j - a +0 buckler (worn)
Wands
 l - a wand of roots (13)
Scrolls
 i - a scroll of vulnerability
 o - a scroll of noise {unknown}
Potions
 f - 3 potions of heal wounds
 k - 2 potions of lignification {unknown}
 m - a potion of brilliance {unknown}
 n - a potion of mutation {unknown}
 p - a potion of enlightenment {unknown}


   Skills:
 - Level 1.7 Fighting
 + Level 7.6 Axes
 - Level 1.7 Throwing
 - Level 2.6 Dodging


You had 5 spell levels left.
You didn't know any spells.
Your spell library contained the following spells:

 Spells                   Type           Power      Damage    Failure   Level
 Freeze                   Ice            0%         1d3       100%        1
 Ensorcelled Hibernation  Hex/Ice        0%         N/A       100%        2
 Passwall                 Erth           0%         N/A       100%        3
 Swiftness                Air            0%         N/A       100%        3


Dungeon Overview and Level Annotations

Branches:
Dungeon (4/15)
 Temple: D:4-7


Innate Abilities, Weirdness & Mutations

You have an increased reservoir of magic. (+10% MP)
You shall have no god before yourself.
Your divine heritage dramatically boosts your attributes as you level up.


Message History

You are engulfed in a cloud of scalding steam.
* * * LOW HITPOINT WARNING * * *
The steam dragon breathes steam at you. The ball of steam misses you.
You are engulfed in a cloud of scalding steam.
* * * LOW HITPOINT WARNING * * *
You block the steam dragon's attack.
The steam dragon claws you but does no damage.
You closely miss the steam dragon.
The steam dragon bites you but does no damage.
You block the steam dragon's attack.
You closely miss the steam dragon. The steam dragon breathes steam at you.
The ball of steam hits you but does no damage.
You hear a bark!
You sock the steam dragon!
The steam dragon is heavily wounded.
You are engulfed in a cloud of scalding steam.
* * * LOW HITPOINT WARNING * * *
The steam dragon bites you.
* * * LOW HITPOINT WARNING * * *
The steam dragon claws you but does no damage.
The steam dragon bites you.
* * * LOW HITPOINT WARNING * * *
The steam dragon claws you but does no damage.
You hit the steam dragon.
The steam dragon is heavily wounded.
You are engulfed in a cloud of scalding steam.
A hound comes into view.
The steam dragon bites you.
* * * LOW HITPOINT WARNING * * *
The steam dragon claws you.
* * * LOW HITPOINT WARNING * * *
You completely miss the steam dragon.
The steam dragon is heavily wounded.
You are engulfed in a cloud of scalding steam.
* * * LOW HITPOINT WARNING * * *
The steam dragon breathes steam at you. The ball of steam hits you!
You die...

#..............
#..............
#..............
+............ #..........
....>..†.# #...§....#
#######.######## #hD@§§...#
.....# #.§####### ......#
#..# ...... #..# #...# #..#
######..##
########..####........#
#.....................#
#.........####........#+###
#.........# #####.........


You could see a steam dragon (catching breath) and a hound.

Vanquished Creatures
  Grinder (D:3)
  Edmund (D:4)
  A scorpion (D:3)
  A bombardier beetle (D:3)
  A sleepcap (D:4)
  Jessica (D:2)
  Terence (D:3)
  5 adders
  A dart slug (D:4)
  2 ribbon worms (D:2)
  4 orcs (D:3)
  2 endoplasms (D:3)
  6 giant cockroaches
  9 goblins
  7 hobgoblins
  3 jackals (D:4)
  6 kobolds
  A quokka (D:3)
  5 ball pythons
  A bat (D:3)
  4 frilled lizards
  9 rats
72 creatures vanquished.

Notes
Turn   | Place    | Note
-------+----------+-------------------------------------------
     0 | D:1      | GordonOverkill the Demigod Gladiator began the quest for
                  | the Orb.
     0 | D:1      | Reached XP level 1. HP: 17/17 MP: 3/3
   110 | D:1      | Reached skill level 3 in Axes
   429 | D:1      | Reached XP level 2. HP: 24/24 MP: 4/4
   848 | D:2      | Reached XP level 3. HP: 14/29 MP: 5/5
   915 | D:2      | Reached skill level 4 in Axes
   916 | D:2      | Noticed Jessica
   937 | D:2      | Killed Jessica
   999 | D:2      | Got Plato's Octavo of the Chill
  1081 | D:2      | Reached XP level 4. HP: 36/36 MP: 6/6
  1680 | D:3      | Reached skill level 5 in Axes
  1680 | D:3      | Noticed Terence
  1869 | D:3      | Killed Terence
  1870 | D:3      | Reached XP level 5. HP: 27/41 MP: 7/7
  2143 | D:3      | Reached skill level 6 in Axes
  2421 | D:3      | Noticed Grinder
  2424 | D:3      | Paralysed by Grinder for 3 turns
  2432 | D:3      | Killed Grinder
  2433 | D:3      | Reached skill level 7 in Axes
  2433 | D:3      | Reached XP level 6. HP: 40/48 MP: 8/8
  2775 | D:4      | Noticed Edmund
  2785 | D:4      | Killed Edmund
  3138 | D:4      | Noticed a steam dragon
  3152 | D:4      | HP: 2/48 [steam dragon (2)]
  3153 | D:4      | Killed from afar by a steam dragon

Illustrated notes

Levels and vault maps discovered:
D:1:      mushboom_english_gardens, layout_basic
D:2:      layout_basic, shapermc_ecumenical_altar_rom_forum, serial_forest,
          infiniplex_forest_lined_1, infiniplex_forest_clump_long,
          infiniplex_forest_clump_diagonal, infiniplex_forest_lined_2,
          infiniplex_forest_zigzag_1, infiniplex_forest_lined_corner,
          minmay_misc_feat_rugged, minivault_25, uniq_jessica
D:3:      layout_basic, uniq_terence, uniq_grinder
D:4:      layout_basic, zin_academy, mainiacjoe_overflow_small_starburst,
          uniq_edmund

Skill      XL: |  1  2  3  4  5 |
---------------+----------------+-----
Axes           | 3 4 5 7 |  7.6
Fighting       | |  1.7
Throwing       | |  1.7
Dodging        | |  2.6

Action                     |  1- 3 |  4- 6 || total
---------------------------+-------+-------++-------
  Melee: War axe           |    72 |    47 ||   119
         Punch             |       |     2 ||     2
         Mace              |       |    81 ||    81
    Use: Scroll            |       |     6 ||     6
         Potion            |       |     3 ||     3
 Armour: Plate armour      |    63 |   136 ||   199
         Leather armour    |     6 |       ||     6
  Dodge: Dodged            |    17 |    29 ||    46
  Block: Buckler           |       |     7 ||     7
